 Dungeon Crawl Stone Soup version 0.25-a0-185-g6cfeca75b2 (webtiles) character file.

Game seed: 12528338571422794608, levelgen mode: deterministic

9935 RedPan the Arsonist (level 11, -1/82 HPs)
             Began as a Green Draconian Fire Elementalist on Nov 28, 2019.
             Was a Believer of Vehumet.
             Slain by Snorg (11 damage)
             ... on level 11 of the Dungeon.
             The game lasted 00:28:39 (14538 turns).

RedPan the Arsonist (DrFE)                         Turns: 14538, Time: 00:28:40

Health: -1/82      AC: 14    Str: 12    XL:     11   Next: 29%
Magic:  22/24      EV: 13    Int: 21    God:    Vehumet [**....]
Gold:   473        SH:  0    Dex: 11    Spells: 16/29 levels left

rFire    + . .     SeeInvis .   B - +4 quarterstaff (chaos)
rCold    . . .     Gourm    .   (shield currently unavailable)
rNeg     . . .     Faith    .   (armour unavailable)
rPois    +         Spirit   .   l - +0 hat {Int+3}
rElec    .         Reflect  .   C - +2 cloak
rCorr    .         Harm     .   I - +1 pair of gloves
MR       .....                  d - +1 pair of boots
Stlth    ++........             (no amulet)
HPRegen  0.23/turn              o - ring of protection from cold
MPRegen  0.19/turn              E - ring of fire

@: lethally poisoned (-1 -> -1)
A: breathe noxious fumes, unfitting armour, poison resistance, cold-blooded, AC
+7
a: Breathe Noxious Fumes, Renounce Religion


You were on level 11 of the Dungeon.
You worshipped Vehumet.
Vehumet was pleased with you.
You were not hungry.

You visited 2 branches of the dungeon, and saw 12 of its levels.

You collected 645 gold pieces.
You spent 172 gold pieces at shops.

Inventory:

Hand Weapons
 r - a +2 spear
 B - a +4 quarterstaff of chaos (weapon)
Armour
 d - a +1 pair of boots (worn)
 l - a +0 hat of intelligence (worn)
 C - a +2 cloak (worn)
 I - a +1 pair of gloves (worn)
Jewellery
 o - a ring of protection from cold (left hand)
 s - an uncursed ring of wizardry
 z - an uncursed amulet of the gourmand
 E - a ring of fire (right hand)
Wands
 f - a wand of paralysis (6)
 w - a wand of digging (3)
 y - a wand of iceblast (10)
 D - a wand of flame (12)
 F - a wand of polymorph (6)
 H - a wand of scattershot (6)
Scrolls
 a - a scroll of torment {unknown}
 c - 2 scrolls of teleportation
 h - 5 scrolls of remove curse
 p - 3 scrolls of enchant weapon
 t - 3 scrolls of fear
 v - 2 scrolls of magic mapping
 x - 4 scrolls of identify
 A - a scroll of enchant armour
 G - a scroll of amnesia {unknown}
Potions
 e - 2 potions of brilliance
 g - 6 potions of curing
 i - 4 potions of cancellation
 j - 2 potions of mutation
 k - a potion of might
 m - 4 potions of heal wounds
 n - 2 potions of lignification
 q - 2 potions of magic
 u - a potion of agility
 J - 2 potions of invisibility
Comestibles
 b - 13 rations
 K - 2 chunks of flesh


   Skills:
 + Level 3.5 Fighting
 + Level 3.6 Dodging
 - Level 2.0 Stealth
 + Level 9.6 Spellcasting
 - Level 10.0 Conjurations
 - Level 10.0 Fire Magic


You had 16 spell levels left.
You knew the following spells:

 Your Spells              Type           Power        Failure   Level  Hunger
a - Flame Tongue          Conj/Fire      #####        1%          1    None
b - Conjure Flame         Conj/Fire      ######..     1%          3    None
c - Sticky Flame          Conj/Fire      ######..     1%          4    ##.....
d - Fireball              Conj/Fire      ######....   3%          5    ####...

Your spell library contained the following spells:

 Spells                   Type           Power        Failure   Level  Hunger
 Sandblast                Erth           ##....       7%          1    None
 Throw Flame              Conj/Fire      ######       1%          2    None
 Inner Flame              Hex/Fire       #####...     2%          3    None
 Animate Skeleton         Necr           N/A          7%          1    None
 Apportation              Tloc           ##....       7%          1    None
 Confusing Touch          Hex            ##....       7%          1    None
 Pain                     Necr           ##..         7%          1    None
 Summon Small Mammal      Summ           ##..         7%          1    None
 Regeneration             Chrm/Necr      ##........   21%         3    None
 Vampiric Draining        Necr           ##........   21%         3    None
 Animate Dead             Necr           N/A          56%         4    ##.....


Dungeon Overview and Level Annotations

Branches:
Dungeon (11/15)            Temple (1/1) D:7            Lair (0/6) D:8
    Orc: D:9-12

Altars:
Ashenzari
Cheibriados
Dithmenos
Elyvilon
Fedhas
Gozag
Hepliaklqana
Kikubaaqudgha
Makhleb
Nemelex Xobeh
Okawaru
Qazlal
Ru
Sif Muna
Trog
Uskayaw
Vehumet
Wu Jian
Xom
Yredelemnul
Zin
The Shining One

Shops:
D:5 %   D:11 [

Annotations:
D:11 Snorg


Innate Abilities, Weirdness & Mutations

You can breathe blasts of noxious fumes.
Your lurid green scales are hard. (AC +7)
You cannot fit into any form of body armour.
Your system is resistant to poisons. (rPois)
You are cold-blooded and may be slowed by cold attacks.


Message History

You feel sick.
A troll comes into view.
Casting: Flame Tongue (safe; 1% risk of failure)
Confirm with . or Enter, or press ? or * to list all spells.
Aiming: Flame Tongue (safe; 1% risk of failure)
Press: ? - help, Shift-Dir - straight line, f - Snorg
Aim: Snorg You feel a surge of power!
The flame tongue hits Snorg.
Snorg is lightly wounded.
You feel sick.
You feel sick.
Snorg goes berserk!
You feel sick.
You see here a lamp of fire.
You feel sick. Snorg bites you!! Snorg completely misses you. Snorg claws you!
You feel sick. Snorg bites you! Snorg claws you!!
* * * LOW HITPOINT WARNING * * *
Snorg claws you!
You die...

..#
#........#..#...........
...
###...).................
.o.
#......T.....##......#.
. ##.........#...#
..#.## #
##......#}.....## .
##.#......#....## .
#...##.....#..##
##.##....T#####
#....#...@.#
##.........##
###........#
##.).....(#.##
#......<.....#
###......#...##
##............#
#....#.......##
#...#.......##


You could see Snorg (berserk) and a troll.

Vanquished Creatures
  Gastronok (D:9)
  A two-headed ogre (D:9)
  Urug (D:10)
  An ugly thing (D:11)
  A cyclops (D:9)
  A gargoyle (D:10)
  A troll (D:11)
  A hornet (D:10)
  Prince Ribbit (D:5)
  2 wyverns (D:8)
  5 yaks (D:10)
  A steam dragon (D:8)
  A water moccasin (D:10)
  3 ice beasts
  3 orc warriors
  2 sky beasts
  A phantom (D:4)
  An eye of draining (D:8)
  7 ogres
  A crocodile (D:8)
  3 centaurs
  4 big kobolds
  A wyvern zombie (D:6)
  4 bullfrogs
  3 scorpions
  A water moccasin skeleton (D:7)
  11 killer bees
  2 howler monkeys
  4 crimson imps
  5 hounds
  2 centaur zombies
  3 jellies
  5 orc wizards
  2 bullfrog skeletons (D:5)
  An orc priest (D:6)
  Crazy Yiuf (D:7)
  Ijyb (D:3)
  5 worker ants
  A worker ant zombie (D:6)
  4 gnolls (D:3)
  11 adders
  An adder zombie (D:8)
  An ooze (D:5)
  4 dart slugs
  5 leopard geckos
  33 orcs
  3 ball pythons
  6 bats
  3 giant cockroaches (D:3)
  8 goblins
  9 hobgoblins
  21 jackals
  6 quokkas
  7 frilled lizards
  24 kobolds
  4 quokka skeletons
  5 rats
250 creatures vanquished.

Notes
Turn   | Place    | Note
-------+----------+-------------------------------------------
     0 | D:1      | RedPan the Draconian Fire Elementalist began the quest for
                  | the Orb.
     0 | D:1      | Reached XP level 1. HP: 14/14 MP: 3/3
   538 | D:1      | Reached XP level 2. HP: 18/20 MP: 0/5
   719 | D:1      | You fall into a shaft and drop 1 floor!
   795 | D:2      | Reached XP level 3. HP: 26/26 MP: 3/6
  2320 | D:3      | Learned a level 3 spell: Conjure Flame
  2343 | D:3      | Reached XP level 4. HP: 33/33 MP: 2/8
  2500 | D:3      | Noticed Ijyb
  2544 | D:3      | Paralysed by Ijyb for 3 turns
  2552 | D:3      | Paralysed by Ijyb for 3 turns
  2571 | D:3      | Paralysed by Ijyb for 3 turns
  2582 | D:3      | Paralysed by Ijyb for 4 turns
  2593 | D:3      | Killed Ijyb
  2663 | D:3      | Learned a level 4 spell: Sticky Flame
  3083 | D:3      | Reached XP level 5. HP: 38/38 MP: 4/9
  3909 | D:2      | Found a shadowy altar of Dithmenos.
  3985 | D:4      | Reached XP level 6. HP: 45/45 MP: 6/11
  4321 | D:4      | Reached skill level 5 in Fire Magic
  4321 | D:4      | Your scales start taking on a lurid green colour.
  4321 | D:4      | Reached XP level 7. HP: 47/50 MP: 3/13
  4321 | D:4      | Gained mutation: Your system is resistant to poisons.
                  | (rPois) [Green Draconian growth]
  4882 | D:4      | Learned a level 5 spell: Fireball
  5137 | D:4      | You fall into a shaft and drop 2 floors!
  5146 | D:5      | Entered Level 5 of the Dungeon
  5720 | D:5      | Reached skill level 5 in Conjurations
  5752 | D:5      | Reached skill level 5 in Spellcasting
  5804 | D:5      | Reached XP level 8. HP: 28/57 MP: 8/15
  5963 | D:5      | Found a stormy altar of Qazlal.
  6330 | D:5      | Noticed Prince Ribbit
  6338 | D:5      | Killed Prince Ribbit
  6459 | D:5      | Found Kiygi's Food Emporium.
  7043 | D:6      | You fall into a shaft and drop 3 floors!
  7246 | D:7      | Found a runed translucent door.
  7247 | D:7      | Noticed Crazy Yiuf
  8089 | D:6      | Found a shimmering altar of Xom.
  8783 | D:7      | Reached XP level 9. HP: 57/62 MP: 8/18
  9248 | D:7      | Found a staircase to the Ecumenical Temple.
  9261 | Temple   | Entered the Ecumenical Temple
  9359 | Temple   | Became a worshipper of Vehumet
  9622 | D:7      | Killed Crazy Yiuf
 10853 | D:8      | Found a staircase to the Lair.
 11157 | D:9      | Reached * piety under Vehumet
 11157 | D:9      | Offered knowledge of Sting by Vehumet.
 11344 | D:9      | Noticed Gastronok
 11367 | D:9      | Killed Gastronok
 11367 | D:9      | Reached XP level 10. HP: 34/69 MP: 2/22
 11734 | D:9      | Noticed a two-headed ogre
 11745 | D:9      | Killed a two-headed ogre
 12007 | D:9      | Noticed a cyclops
 12017 | D:9      | Killed a cyclops
 12148 | D:10     | Entered Level 10 of the Dungeon
 12518 | D:10     | Noticed a gargoyle
 12529 | D:10     | Killed a gargoyle
 12529 | D:10     | Reached skill level 10 in Fire Magic
 12808 | D:10     | Reached skill level 1 in Fighting
 12822 | D:10     | Reached XP level 11. HP: 9/78 MP: 7/24
 13131 | D:10     | You fall into a shaft and drop 1 floor!
 13134 | D:11     | Noticed Snorg
 13135 | D:11     | Reached ** piety under Vehumet
 13162 | D:11     | Offered knowledge of Sandblast by Vehumet.
 13536 | D:10     | Noticed Urug
 13546 | D:10     | Killed Urug
 13546 | D:10     | Reached skill level 10 in Conjurations
 14113 | D:11     | Found Wegroh's Armour Emporium.
 14122 | D:11     | Bought a +1 pair of gloves for 172 gold pieces
 14133 | D:11     | Noticed a brown ugly thing
 14141 | D:11     | Killed a brown ugly thing
 14538 | D:11     | Slain by Snorg

Levels and vault maps discovered:
D:1:      dpeg_arrival_court, layout_loops_ring
D:2:      lemuel_upstairs_altar, layout_loops_cross
D:3:      layout_basic, first_ration, uniq_ijyb
D:4:      layout_basic
D:5:      layout_basic, serial_shops, nicolae_shop_behind_doors,
          lemuel_statue_altar, uniq_prince_ribbit1
D:6:      layout_basic, tgw_xom
D:7:      layout_loops_ring, minmay_temple_entry_hall, uniq_crazy_yiuf_cottage
D:8:      layout_basic, erik_lair_dragon
D:9:      layout_gridville, uniq_gastronok
D:10:     layout_roguey, uniq_urug
D:11:     layout_cross, orc_0_dummy, serial_shops, shop,
          hangedman_pestilent_swarm, uniq_snorg
Temple:   kilobyte_greek_temple

Skill      XL: |  1  2  3  4  5  6  7  8  9 10 11 |
---------------+----------------------------------+-----
Stealth        | 2 |  2.0
Dodging        | 2 3 |  3.6
Conjurations   | 2 3 4 5 6 9 10 | 10.0
Spellcasting   | 3 4 5 6 8 9 |  9.6
Fire Magic     | 4 5 6 7 9 10 | 10.0
Fighting       | 1 3 |  3.5

Action                   |  1- 3 |  4- 6 |  7- 9 | 10-12 || total
-------------------------+-------+-------+-------+-------++-------
Melee: Unarmed           |    14 |       |       |       ||    14
       Club              |    18 |       |       |       ||    18
       Tailslap          |     7 |    10 |    21 |     3 ||    41
       Dagger            |     9 |    91 |    10 |       ||   110
       Flail             |       |       |   119 |       ||   119
       Spear             |       |       |   182 |       ||   182
       Quarterstaff      |       |       |    14 |    23 ||    37
 Cast: Flame Tongue      |    67 |   113 |   261 |   186 ||   627
       Sticky Flame      |       |     1 |     9 |     6 ||    16
       Conjure Flame     |       |       |       |     3 ||     3
       Fireball          |       |       |       |     1 ||     1
  Use: Scroll            |     4 |     6 |    12 |     1 ||    23
       Potion            |       |     1 |     4 |       ||     5
 Stab: Sleeping          |     1 |       |     1 |       ||     2
  Eat: Chunk             |     5 |     7 |    13 |    10 ||    35
       Ration            |       |       |     3 |       ||     3
Armor: Skin              |    18 |    63 |   183 |    81 ||   345
Dodge: Dodged            |    55 |    87 |   312 |   132 ||   586

Table legend:
 A = Non-vault XP
 B = Vault XP
 C = Vault XP percentage of total XP
 D = Non-vault monster count
 E = Vault monster count
 F = Vault count percentage of total count
                 A         B        C        D         E       F
            +---------+---------+-------+---------+---------+-------
      Total |   10096 |    4098 |  28.9 |     235 |      15 |   6.0
            +---------+---------+-------+---------+---------+-------
        D:1 |      44 |       0 |   0.0 |      23 |       0 |   0.0
        D:2 |      45 |       0 |   0.0 |      11 |       0 |   0.0
        D:3 |     241 |      36 |  13.0 |      42 |       1 |   2.3
        D:4 |     755 |       0 |   0.0 |      26 |       0 |   0.0
        D:5 |     730 |     277 |  27.5 |      14 |       1 |   6.7
        D:6 |     452 |     102 |  18.4 |      14 |       5 |  26.3
        D:7 |     641 |      40 |   5.9 |      10 |       1 |   9.1
        D:8 |     789 |     698 |  46.9 |      22 |       4 |  15.4
        D:9 |    1957 |    2110 |  51.9 |      27 |       2 |   6.9
       D:10 |    3079 |     835 |  21.3 |      27 |       1 |   3.6
       D:11 |    1363 |       0 |   0.0 |      19 |       0 |   0.0
            +---------+---------+-------+---------+---------+-------
